 Dungeon Sprint DCSS version 0.30-a0-141-g30f27751c5 (webtiles) character file.

Game seed: 4869414700727950860

279560 mhtbhm the Petrodigitator (level 18, -1/98 HPs)
             Began as a Gargoyle Earth Elementalist on Sept 25, 2022.
             Was the Champion of Vehumet.
             Slain by Antaeus (7 damage)
             ... in the Dungeon (Sprint III: "The Ten Rune Challenge").
             The game lasted 00:57:03 (14480 turns).

mhtbhm the Petrodigitator (GrEE)                   Turns: 14480, Time: 00:57:04

Health: -1/98      AC: 21    Str: 19    XL:     18   Next: 1%
Magic:  5/49       EV: 16    Int: 29    God:    Vehumet [******]
Gold:   2877       SH: 15    Dex: 11    Spells: 4/71 levels left

rFire   + . .      SeeInvis .    i - staff of earth
rCold   + + +      Faith    .    R - +3 warlock's mirror {reflect}
rNeg    + . .      Spirit   .    a - +2 robe {rC+ rF+}
rPois   ∞          Reflect  +    s - +1 hat
rElec   +          Harm     .    q - +1 cloak of Tender Moments {rCorr Stlth+}
rCorr   +          Rampage  +    (no gloves)
Will    +....      NoTele   +    r - +0 pair of boots {rampage}
Stlth   +++++++...               S - amulet of Elyvilon, Leaping {Reflect +Blink SH+5 Stlth+}
HPRegen 0.26/turn                z - ring of Mugiv {rC++ Str+6}
MPRegen 0.31/turn                O - ring of the Hart {Wiz rElec Int+3 Slay+3}

@: flying, hasted, studying Ice Magic, very quick
A: sickness immunity, AC +13, big wings, negative energy resistance 1,
electricity resistance, torment resistance 1, petrification resistance, talons
1, thin skeletal structure 1, clever 1
}: 6/10 runes: serpentine, barnacled, silver, golden, obsidian, demonic
a: Renounce Religion, Evoke Blink


You were in the Dungeon.
You worshipped Vehumet.
Vehumet was exalted by your worship.
You visited 1 branch You collected 6417 gold pieces.
You spent 3540 gold pieces at shops.

Inventory:

Hand Weapons
 C - the +5 rapier "Atuif" {vorpal, rPois rF+++ rN+ Int-5}
   (You took it off a deep elf annihilator in the Dungeon)

   It inflicts extra damage upon your enemies.
   Int:       It affects your intelligence (-5).
   rF:        It renders you almost immune to fire.
   rPois:     It protects you from poison.
   rN:        It protects you from negative energy.
 I - the +10 sling of Brawling {speed, Str+7}
   (You found it in the Dungeon)

   Attacks with this weapon are significantly faster.
   Str:       It affects your strength (+7).
Missiles
 d - 7 curare-tipped darts (quivered)
 l - 8 javelins
 y - 2 silver javelins
 F - 10 datura-tipped darts
Armour
 a - a +2 robe of resistance (worn)
 q - the +1 cloak of Tender Moments (worn) {rCorr Stlth+}
   (You bought it in a shop in the Dungeon)

   rCorr:     It protects you from acid and corrosion.
   Stlth:     It makes you more stealthy.
 r - a +0 pair of boots of rampaging (worn)
 s - a +1 hat (worn)
 J - a +2 leather armour of positive energy
 R - the +3 warlock's mirror (worn) {reflect}
   (You acquired it in the Dungeon)

   It can block and reflect piercing ranged attacks and magical attacks against
   the wielder's willpower.
Magical Staves
 i - a staff of earth (weapon)
Jewellery
 h - a +4 ring of protection
 v - a ring of protection from fire
 z - the ring of Mugiv (left hand) {rC++ Str+6}
   (You found it in the Dungeon)

   [ring of strength]

   Str:       It affects your strength (+6).
   rC:        It greatly protects you from cold.
 N - the ring of Otoe {Wiz Int+6}
   (You found it in the Dungeon)

   [ring of wizardry]

   It improves your spell success rate.
   Int:       It affects your intelligence (+6).
 O - the ring of the Hart (right hand) {Wiz rElec Int+3 Slay+3}
   (You found it in the Dungeon)

   [ring of wizardry]

   It improves your spell success rate.
   Int:       It affects your intelligence (+3).
   Slay:      It affects your accuracy & damage with ranged weapons and melee
   (+3).
   rElec:     It insulates you from electricity.
 P - a ring of see invisible
 S - the amulet of Elyvilon, Leaping (around neck) {Reflect +Blink SH+5 Stlth+}
   (You acquired it in the Dungeon)

   [amulet of reflection]

   It reflects blocked missile attacks.
   +Blink:    It lets you blink.
   SH:        It affects your SH (+5).
   Stlth:     It makes you more stealthy.
Wands
 t - a wand of polymorph (6)
 B - a wand of roots (11)
 G - a wand of digging (5)
 L - a wand of charming (7)
Scrolls
 g - 2 scrolls of blinking
 k - a scroll of poison
 n - 4 scrolls of torment
 o - 6 scrolls of identify
 w - 4 scrolls of amnesia
 E - a scroll of fear
 H - a scroll of immolation
 Q - a scroll of summoning
 X - 6 scrolls of enchant weapon
 Y - 4 scrolls of enchant armour
Potions
 b - 3 potions of magic
 c - 3 potions of curing
 e - a potion of cancellation
 f - a potion of berserk rage
 j - 3 potions of mutation
 m - 4 potions of flight
 D - 3 potions of heal wounds
 K - 5 potions of haste
 M - 5 potions of ambrosia
 T - 3 potions of resistance
 U - 3 potions of attraction
Miscellaneous
 p - a phantom mirror (inert)
 u - a lightning rod (4/4)
 x - a box of beasts
 A - a tin of tremorstones (2/2)
 V - a condenser vane
 W - the horn of Geryon


   Skills:
 - Level 6.2 Fighting
 + Level 12.3 Dodging
 - Level 10.4 Stealth
 * Level 15.0 Shields
 O Level 27 Spellcasting
 O Level 27 Conjurations
 - Level 6.3 Summonings
 + Level 2.2 Transmutations
 O Level 27 Fire Magic
 + Level 4.8 Air Magic
 O Level 27 Earth Magic
 + Level 6.0 Poison Magic
 + Level 2.4 Evocations


You had 4 spell levels left.
You knew the following spells:

 Your Spells              Type           Power      Damage    Failure   Level
a - Sandblast             Erth           100%       2d20      0%          1
b - Passwall              Tmut/Erth      92%        N/A       0%          2
c - Stone Arrow           Conj/Erth      100%       3d13      0%          3
d - Petrify               Tmut/Erth      100%       N/A       0%          4
e - Shatter               Erth           69%        3d51*     1%          9
g - Fireball              Conj/Fire      57%        3d22      0%          5
h - Iron Shot             Conj/Erth      69%        9d13      0%          6
i - Lee's Rapid Deconstr  Erth           69%        3d32*     0%          5
j - Spellforged Servitor  Conj/Summ      47%        N/A       1%          7
k - Lehudib's Crystal Sp  Conj/Erth      69%        10d16     1%          8
l - Fire Storm            Conj/Fire      57%        8d14      1%          9
m - Ignition              Fire           57%        3d16      1%          8

Your spell library contained the following spells:

 Spells                   Type           Power      Damage    Failure   Level
 Polar Vortex             Ice            19%        N/A       100%        9
 Foxfire                  Conj/Fire      100%       2x1d9     0%          1
 Scorch                   Fire           100%       2d10      0%          2
 Ignite Poison            Fire/Tmut/Pois 82%        N/A       0%          3
 Inner Flame              Hex/Fire       87%        N/A       0%          3
 Mephitic Cloud           Conj/Pois/Air  85%        N/A       0%          3
 Flame Wave               Conj/Fire      100%       2d21      0%          4
 Beastly Appendage        Tmut           100%       N/A       1%          1
 Blink                    Tloc           78%        N/A       1%          2
 Wereblood                Tmut           51%        N/A       1%          2
 Call Canine Familiar     Summ           66%        N/A       1%          3
 Frozen Ramparts          Ice            78%        1d12      1%          3
 Kindle Blastsparks       Fire/Tloc/Air  100%       2d18      1%          3
 Lesser Beckoning         Tloc           39%        N/A       1%          3
 Ozocubu's Armour         Ice            39%        N/A       1%          3
 Portal Projectile        Hex/Tloc       78%        N/A       1%          3
 Spider Form              Tmut/Pois      59%        N/A       1%          3
 Airstrike                Air            30%        2d(5-21)  1%          4
 Hailstorm                Conj/Ice       87%        3d17      1%          4
 Ice Form                 Ice/Tmut       45%        N/A       1%          4
 Leda's Liquefaction      Hex/Erth       54%        N/A       1%          4
 Summon Ice Beast         Ice/Summ       55%        N/A       1%          4
 Summon Lightning Spire   Summ/Air       64%        N/A       1%          4
 Manifold Assault         Tloc           39%        N/A       3%          4
 Starburst                Conj/Fire      57%        6d15      0%          6
 Freezing Cloud           Conj/Ice/Air   39%        6-21      1%          5
 Lightning Bolt           Conj/Air       46%        1d66      1%          5
 Metabolic Englaciation   Hex/Ice        19%        N/A       9%          5
 Chain Lightning          Conj/Air       46%        3d62      12%         9
 Simulacrum               Ice/Necr       19%        N/A       41%         6


Dungeon Overview and Level Annotations

Branches:
Dungeon (1/1)

Altars:
Cheibriados
Dithmenos
Elyvilon
Fedhas
Gozag
Hepliaklqana
Kikubaaqudgha
Makhleb
Nemelex Xobeh
Okawaru
Qazlal
Ru
Sif Muna
Trog
Uskayaw
Vehumet
Wu Jian
Xom
Yredelemnul
Zin
The Shining One
Jiyva
Lugonu

Shops:
D :?([[?:[[!!!!:*[*[=??((

Annotations:
D Antaeus


Innate Abilities, Weirdness & Mutations

You are immune to sickness and miasma.
Your stone body is resilient. (AC +13)
You are immune to poison.
Your large and strong wings let you fly.
You resist negative energy. (rN+)
You are resistant to electric shocks. (rElec)
You are resistant to unholy torment.
You are immune to petrification.
You have sharp toenails.
You have a somewhat thin skeletal structure. (Dex +2, Stealth+)
Your mind is acute. (Int +4, Str/Dex -1)


Message History

Unknown command.
Casting: Lee's Rapid Deconstruction (safe; 0% risk of failure)
Confirm with . or Enter, or press ? or * to list all spells.
You don't know that spell.
Unknown command.
Casting: Lee's Rapid Deconstruction (safe; 0% risk of failure)
Confirm with . or Enter, or press ? or * to list all spells.
Aiming: Lee's Rapid Deconstruction (safe; 0% risk of failure)
Press: ? - help, Dir - move target A stone wall.
You feel a surge of power!
The wall shatters!
The blast of rock fragments hits Antaeus!!
Antaeus is severely wounded.
Your spellforged servitor casts a spell at Antaeus.
Antaeus reflects the crystal spear off his +0 tower shield of reflection!
The crystal spear hits your spellforged servitor!!
Unknown command.
Casting: Lee's Rapid Deconstruction (safe; 0% risk of failure)
Confirm with . or Enter, or press ? or * to list all spells.
Aiming: Lee's Rapid Deconstruction (safe; 0% risk of failure)
Press: ? - help, Dir - move target A stone wall.
You feel a surge of power!
The wall shatters!
The blast of rock fragments hits Antaeus but does no damage.
Antaeus is severely wounded.
Unknown command.
Unknown command.
Casting: Lee's Rapid Deconstruction (safe; 0% risk of failure)
Confirm with . or Enter, or press ? or * to list all spells.
Aiming: Lee's Rapid Deconstruction (safe; 0% risk of failure)
Press: ? - help, Dir - move target A stone wall.
You feel a surge of power!
The wall shatters!
The blast of rock fragments hits Antaeus but does no damage.
Antaeus is severely wounded.
Your spellforged servitor is no longer encased in ice.
Antaeus hits you!!!
* * * LOW HITPOINT WARNING * * *
Antaeus freezes you! You resist.
You die...

§....○°..8##............##.)'....
###'#############'###############
.........................#...# ##
........)))(.............#...###.
........))...............'...').)
........)).(.............#...###.
........)................#...# ##
####+#############'##############
,*,,,,*,,,* ###≈@≈≈≈≈≈≈≈##...[..#
,+,,,,+,,,* #.#C#'#≈≈#####....[.#
,*,,,,*,,,*##'#≈#)#≈≈#}# #......#
********+**#≈≈≈≈###≈≈#'###.[....[
,,,,,,,,,* #≈≈≈9≈≈≈≈≈≈≈≈##......#
***********#≈≈≈≈###≈≈≈≈≈##.###..#
,*,,,,,,,,*####≈'φ#≈≈#'###.#^#..'
,+,,,,,,,,* #}'≈###≈≈#[# #.###..#
,*,,,,,,,,* ###≈≈≈≈≈≈### #......#


You could see Antaeus (ally target, reflecting) and a friendly spellforged
servitor (summoned).

Vanquished Creatures
  the Serpent of Hell (D)
  Mara (D)
  Sojobo (D)
  2 royal mummies (D)
  Boris (D)
  Nikola (D)
  A Tzitzimitl (D)
  An iron giant (D)
  Nellie (D)
  Rupert (D)
  A Hell Sentinel (D)
  5 Ice Fiends (D)
  A titan (D)
  3 deep elf blademasters (D)
  2 liches (D)
  2 quicksilver dragons (D)
  Gastronok (D)
  An ancient champion (D)
  2 sphinxes (D)
  An Executioner (D)
  Polyphemus (D)
  Chuck (D)
  Roxanne (D)
  3 draconian knights (D)
  3 shadow dragons (D)
  Dowan (D)
  3 fire giants (D)
  A storm dragon (D)
  Ilsuiw (D)
  An iron dragon (D)
  2 ghost moths (D)
  A frost giant (D)
  4 war gargoyles (D)
  2 stone giants (D)
  2 dire elephants (D)
  Nessos (D)
  2 vampire knights (D)
  4 deep elf annihilators (D)
  Azrael (D)
  A yellow draconian (D)
  2 iron golems (D)
  A fire dragon (D)
  A merfolk javelineer (D)
  10 mummy priests (D)
  Josephine (D)
  5 yaktaur captains (D)
  2 deep elf high priests (D)
  16 vault guards (D)
  2 hydras (D)
  2 hell beasts (D)
  3 anacondas (D)
  4 dancing weapons (D)
  An ogre mage (D)
  3 centaur warriors (D)
  4 death yaks (D)
  2 iron elementals (D)
  A naga warrior (D)
  A deep elf knight (D)
  Urug (D)
  4 hell knights (D)
  2 sun demons (D)
  2 soul eaters (D)
  5 orc high priests (D)
  A shadow wraith (D)
  6 skeletal warriors (D)
  A sea snake (D)
  A death drake (D)
  An anaconda zombie (D)
  A spriggan druid (D)
  A golden dragon zombie (D)
  3 kraken simulacra (D)
  A lindwurm (D)
  2 obsidian statues (D)
  A glowing orange brain (D)
  An orc knight (D)
  A lindwurm (shapeshifter) (D)
  2 deep elf zephyrmancers (D)
  A shining eye (D)
  2 deep elf pyromancers (D)
  2 spectral iron dragons (D)
  4 crystal guardians (D)
  4 ugly things (D)
  An orc sorcerer (D)
  2 elephants (D)
  A cyclops (shapeshifter) (D)
  A molten gargoyle (D)
  An iron troll simulacrum (D)
  A guardian serpent (D)
  3 rust devils (D)
  4 statues (D)
  5 black mambas (D)
  Duvessa (D)
  2 cane toads (D)
  6 hellions (D)
  A rime drake (D)
  An unseen horror (D)
  11 yaktaurs (D)
  A komodo dragon (D)
  3 wandering mushrooms (D)
  An anaconda simulacrum (D)
  16 guardian mummies (D)
  2 ice devils (D)
  A queen bee (D)
  4 spriggan defenders (D)
  3 hornets (D)
  2 tyrant leeches (D)
  8 blink frogs (D)
  10 slime creatures (D)
  A dream sheep (shapeshifter) (D)
  3 dream sheep (D)
  2 spriggans (D)
  A shadow (D)
  A golden eye (D)
  3 redbacks (D)
  A redback (shapeshifter) (D)
  A spatial vortex (D)
  2 nagas (D)
  4 hydra simulacra (D)
  7 water moccasins (D)
  A floating eye (shapeshifter) (D)
  2 floating eyes (D)
  A swamp drake (D)
  2 centaurs (D)
  An earth elemental (D)
  A necrophage (D)
  A water elemental (D)
  32 killer bees (D)
  5 electric eels (D)
  A jelly (D)
  3 orc priests (D)
  Jessica (D)
  2 necromancers (D)
  A wizard (D)
  3 orc wizards (D)
  2 wolf simulacra (D)
  A kobold demonologist (D)
  3 humans (D)
  A wolf (D)
  3 adders (D)
  10 orcs (D)
  An endoplasm (D)
  2 rats (D)
  A ballistomycete spore (D)
  4 bushes (D)
  8 butterflies (D)
  A plant (D)
389 creatures vanquished.

Vanquished Creatures (collateral kills)
  Geryon (D)
  A Brimstone Fiend (D)
  A draconian knight (D)
  A nagaraja (D)
  A deep elf zephyrmancer (D)
  2 oklob plants (D)
  A yaktaur (D)
8 creatures vanquished.

Vanquished Creatures (others)
  3 ball lightnings (D)
  4 ballistomycete spores (D)
  29 fire vortices (D)
  41 plants (D)
77 creatures vanquished.

Grand Total: 474 creatures vanquished

Notes
Turn   | Place    | Note
-------+----------+-------------------------------------------
     0 | D        | mhtbhm the Gargoyle Earth Elementalist began the quest for
                  | the Orb.
     0 | D        | Reached XP level 1. HP: 10/10 MP: 3/3
    40 | D        | Noticed Jessica
    43 | D        | Killed Jessica
    44 | D        | Reached XP level 2. HP: 15/15 MP: 0/6
    44 | D        | Reached XP level 3. HP: 19/19 MP: 0/7
   139 | D        | Learned a level 2 spell: Passwall
   143 | D        | Learned a level 3 spell: Stone Arrow
   322 | D        | Reached XP level 4. HP: 17/24 MP: 5/9
   354 | D        | Gained mutation: You are weak. (Str -2) [potion of
                  | mutation]
   354 | D        | Gained mutation: You are partially covered in iridescent
                  | scales. (AC +2) [potion of mutation]
   357 | D        | Lost mutation: You are weak. (Str -2) [potion of mutation]
   357 | D        | Lost mutation: You are partially covered in iridescent
                  | scales. (AC +2) [potion of mutation]
   357 | D        | Gained mutation: You have a somewhat thin skeletal
                  | structure. (Dex +2, Stealth+) [potion of mutation]
   357 | D        | Gained mutation: You have sharp toenails. [potion of
                  | mutation]
   357 | D        | Gained mutation: Your mind is acute. (Int +4, Str/Dex -1)
                  | [potion of mutation]
   424 | D        | Learned a level 4 spell: Petrify
   424 | D        | Noticed a water elemental
   427 | D        | Killed a water elemental
   428 | D        | Reached skill level 1 in Fighting
   428 | D        | Reached skill level 5 in Spellcasting
   428 | D        | Reached XP level 5. HP: 9/29 MP: 4/12
   645 | D        | Found a radiant altar of Vehumet.
   645 | D        | Found a shimmering blue altar of Sif Muna.
   645 | D        | Found an ancient bone altar of Kikubaaqudgha.
   651 | D        | Became a worshipper of Vehumet
   659 | D        | Learned a level 3 spell: Mephitic Cloud
   669 | D        | Found a glowing silver altar of Zin.
   669 | D        | Found a glowing golden altar of the Shining One.
   669 | D        | Found a white marble altar of Elyvilon.
   669 | D        | Noticed a deep elf pyromancer
   698 | D        | Killed a deep elf pyromancer
   699 | D        | Reached skill level 1 in Conjurations
   699 | D        | Reached XP level 6. HP: 25/36 MP: 6/17
   699 | D        | Reached XP level 7. HP: 28/40 MP: 6/19
   792 | D        | Found a hide-covered altar of Uskayaw.
   792 | D        | Found an iron altar of Okawaru.
   792 | D        | Found a bloodstained altar of Trog.
   792 | D        | Found an ornate altar of the Wu Jian Council.
   792 | D        | Noticed a human
   792 | D        | Noticed a human
   796 | D        | Killed a human
   799 | D        | Killed a human
   799 | D        | Reached * piety under Vehumet
   799 | D        | Offered knowledge of Foxfire by Vehumet.
   800 | D        | Reached XP level 8. HP: 45/45 MP: 9/21
   873 | D        | Found a basalt altar of Yredelemnul.
   873 | D        | Found a shadowy altar of Dithmenos.
   873 | D        | Found a sacrificial altar of Ru.
   875 | D        | Reached skill level 10 in Spellcasting
   921 | D        | Reached ** piety under Vehumet
   943 | D        | Noticed a shadow
   945 | D        | Killed a shadow
   945 | D        | Offered knowledge of Scorch by Vehumet.
   946 | D        | Reached skill level 1 in Air Magic
   952 | D        | Learned a level 2 spell: Scorch
   956 | D        | Found a blossoming altar of Fedhas.
   956 | D        | Found a stormy altar of Qazlal.
   956 | D        | Found a snail-covered altar of Cheibriados.
   956 | D        | Found a burning altar of Makhleb.
   956 | D        | Found a shimmering altar of Xom.
   957 | D        | Found a hazy altar of Hepliaklqana.
   957 | D        | Found an opulent altar of Gozag.
   957 | D        | Found a sparkling altar of Nemelex Xobeh.
   957 | D        | Found a corrupted altar of Lugonu.
   957 | D        | Found a viscous altar of Jiyva.
   961 | D        | Reached skill level 1 in Poison Magic
   983 | D        | Noticed Josephine
   994 | D        | Killed Josephine
   995 | D        | Reached skill level 1 in Fire Magic
   995 | D        | Reached skill level 15 in Earth Magic
   995 | D        | Reached XP level 9. HP: 49/49 MP: 13/25
  1065 | D        | Offered knowledge of Frozen Ramparts by Vehumet.
  1148 | D        | Found Fiurrocw's Armour Shoppe.
  1149 | D        | Noticed an orc high priest
  1149 | D        | Noticed an orc sorcerer
  1149 | D        | Noticed an orc high priest
  1151 | D        | Reached *** piety under Vehumet
  1151 | D        | Reached **** piety under Vehumet
  1151 | D        | Killed an orc sorcerer
  1151 | D        | Reached ***** piety under Vehumet
  1151 | D        | Killed an orc high priest
  1151 | D        | Killed an orc high priest
  1152 | D        | Reached skill level 5 in Stealth
  1152 | D        | Reached XP level 10. HP: 42/55 MP: 25/27
  1351 | D        | Noticed a centaur warrior
  1356 | D        | Killed a centaur warrior
  1356 | D        | Offered knowledge of Olgreb's Toxic Radiance by Vehumet.
  1357 | D        | Reached skill level 5 in Conjurations
  1357 | D        | Reached skill level 1 in Transmutations
  1359 | D        | Reached ****** piety under Vehumet
  1393 | D        | Killed an unseen horror
  1581 | D        | Noticed a deep elf zephyrmancer
  1581 | D        | Noticed a deep elf pyromancer
  1581 | D        | Noticed a deep elf zephyrmancer
  1581 | D        | Noticed a deep elf knight
  1581 | D        | Noticed a deep elf zephyrmancer
  1592 | D        | Killed a deep elf knight
  1592 | D        | Offered knowledge of Irradiate by Vehumet.
  1593 | D        | Reached skill level 5 in Dodging
  1593 | D        | Reached skill level 15 in Spellcasting
  1595 | D        | Killed a deep elf zephyrmancer
  1597 | D        | Killed a deep elf zephyrmancer
  1598 | D        | Reached XP level 11. HP: 47/59 MP: 11/30
  1603 | D        | Killed a deep elf pyromancer
  1608 | D        | Killed a deep elf zephyrmancer
  1719 | D        | Identified the +11 dagger of Egoa {flame, *Slow MP+9 Str+3
                  | Int+4}
  1719 | D        | Noticed a deep elf high priest
  1801 | D        | Offered knowledge of Fireball by Vehumet.
  1876 | D        | Learned a level 5 spell: Fireball
  1941 | D        | Offered knowledge of Iron Shot by Vehumet.
  1949 | D        | Learned a level 6 spell: Iron Shot
  2032 | D        | Noticed Rupert
  2051 | D        | Killed Rupert
  2403 | D        | Noticed a lindwurm
  2405 | D        | Killed a lindwurm
  2405 | D        | Offered knowledge of Conjure Ball Lightning by Vehumet.
  2545 | D        | Noticed Urug
  2554 | D        | Killed Urug
  2768 | D        | Noticed a seven-headed hydra
  2768 | D        | Noticed a six-headed hydra
  2771 | D        | Killed a six-headed hydra
  2771 | D        | Noticed a death drake
  2772 | D        | Reached skill level 10 in Conjurations
  2772 | D        | Reached skill level 1 in Evocations
  2772 | D        | Reached XP level 12. HP: 64/64 MP: 23/33
  2773 | D        | Killed a seven-headed hydra
  2922 | D        | Noticed Polyphemus
  2978 | D        | Noticed Dowan
  2978 | D        | Noticed Duvessa
  2991 | D        | Killed Dowan
  3005 | D        | Killed Duvessa
  3349 | D        | Offered knowledge of Lee's Rapid Deconstruction by Vehumet.
  3350 | D        | Reached skill level 5 in Poison Magic
  3547 | D        | Learned a level 5 spell: Lee's Rapid Deconstruction
  3610 | D        | Found Withunififo's Antique Armour Emporium.
  3610 | D        | Found Zeocs's Magic Scroll Shop.
  3610 | D        | Found Riecs's Weapon Shoppe.
  3610 | D        | Found Ifaoryja's Assorted Antiques.
  3610 | D        | Found Rumaje's Jewellery Emporium.
  3610 | D        | Found Zomaehur's Antique Weapon Shop.
  3610 | D        | Found Caqaodast's Magic Scroll Emporium.
  3611 | D        | Found Poxzoeh's Antique Armour Boutique.
  3611 | D        | Found Qanit's General Store.
  3611 | D        | Found Zuylyr's Book Shop.
  3611 | D        | Found Jeirar's Distillery.
  3642 | D        | Bought a faintly humming cloak for 218 gold pieces
  3642 | D        | Identified the +1 cloak of Tender Moments {rCorr Stlth+}
                  | (You bought it in a shop in the Dungeon)
  3653 | D        | Bought a pair of embroidered boots for 172 gold pieces
  3653 | D        | Bought an embroidered hat for 161 gold pieces
  3673 | D        | Bought a scroll of acquirement for 676 gold pieces
  3673 | D        | Bought a scroll of blinking for 97 gold pieces
  3673 | D        | Acquired a staff of earth
  3898 | D        | Offered knowledge of Spellforged Servitor by Vehumet.
  4056 | D        | Learned a level 7 spell: Spellforged Servitor
  4079 | D        | Identified the ring "Gofroig" {Wiz rElec Dex+4}
  4111 | D        | Noticed a centaur warrior
  4113 | D        | Killed a centaur warrior
  4151 | D        | Noticed a fire dragon
  4154 | D        | Killed a fire dragon
  4155 | D        | Reached XP level 13. HP: 50/68 MP: 22/36
  4239 | D        | Offered knowledge of Orb of Destruction by Vehumet.
  4273 | D        | Identified the +3 leather armour of Foolhardiness {Fly
                  | rElec rF- Dex+4}
  4427 | D        | Identified the +10 broad axe "Huph" {venom, rPois}
  4569 | D        | Killed a yaktaur captain
  4583 | D        | Noticed a yaktaur captain
  4776 | D        | Offered knowledge of Ozocubu's Refrigeration by Vehumet.
  4956 | D        | Identified the +5 rapier "Atuif" {vorpal, rPois rF+++ rN+
                  | Int-5}
  4956 | D        | Identified the +0 robe of Blue Wonder {rC++ Will- Str+2
                  | Stlth+}
  4956 | D        | Noticed a deep elf annihilator
  4958 | D        | Killed a deep elf annihilator
  4958 | D        | Noticed a deep elf annihilator
  4959 | D        | Killed a deep elf annihilator
  4960 | D        | Noticed a deep elf blademaster
  4961 | D        | Noticed a deep elf annihilator
  4965 | D        | Killed a deep elf blademaster
  4991 | D        | Killed a deep elf high priest
  4991 | D        | Noticed a deep elf high priest
  4992 | D        | Killed a deep elf high priest
  4992 | D        | Offered knowledge of Lehudib's Crystal Spear by Vehumet.
  4992 | D        | Offered knowledge of Fire Storm by Vehumet.
  4992 | D        | Offered knowledge of Polar Vortex by Vehumet.
  4993 | D        | Identified the +5 halberd of Shrieking Terror {vamp,
                  | *Corrode rPois rC+ Will++}
  4993 | D        | Noticed a deep elf annihilator
  4994 | D        | Killed a deep elf annihilator
  5004 | D        | Killed a deep elf annihilator
  5022 | D        | Identified the ring "Gunoqis" {Fly Int+3 Dex+6}
  5022 | D        | Identified the ring of Mugiv {rC++ Str+6}
  5152 | D        | Learned a level 8 spell: Lehudib's Crystal Spear
  5178 | D        | Noticed a yaktaur captain
  5294 | D        | Killed a yaktaur captain
  5761 | D        | Killed a yaktaur captain
  5830 | D        | Noticed Azrael
  5832 | D        | Killed Azrael
  5857 | D        | Acquired 481 gold pieces
  5900 | D        | Bought a scroll of blinking for 82 gold pieces
  5903 | D        | Bought a potion of heal wounds for 70 gold pieces
  6152 | D        | Noticed a yaktaur captain
  6162 | D        | Killed a yaktaur captain
  6296 | D        | Noticed Chuck
  6300 | D        | Killed Chuck
  6301 | D        | Reached skill level 5 in Fire Magic
  6301 | D        | Gained mutation: Your large and strong wings let you fly.
                  | [Gargoyle growth]
  6301 | D        | Reached XP level 14. HP: 75/75 MP: 26/40
  6549 | D        | Noticed a lich
  6551 | D        | Killed a lich
  6582 | D        | Learned a level 9 spell: Fire Storm
  6583 | D        | Noticed a sphinx
  6583 | D        | Noticed a sphinx
  6588 | D        | Killed a sphinx
  6591 | D        | Killed a sphinx
  7057 | D        | Reached skill level 27 in Earth Magic
  7178 | D        | Noticed Gastronok
  7178 | D        | Noticed an ancient champion
  7178 | D        | Noticed a Hell Sentinel
  7183 | D        | Killed Gastronok
  7185 | D        | Killed an ancient champion
  7187 | D        | Killed a Hell Sentinel
  7673 | D        | Noticed Sojobo
  7679 | D        | Killed Sojobo
  7680 | D        | Reached skill level 10 in Fire Magic
  7832 | D        | Noticed a lich
  7839 | D        | Killed a lich
  8171 | D        | Reached XP level 15. HP: 80/80 MP: 37/43
  8180 | D        | Reached skill level 15 in Conjurations
  8243 | D        | Noticed an azure jelly
  8243 | D        | Noticed an azure jelly
  8592 | D        | Noticed a nagaraja
  8593 | D        | Found Cefetadd's Book Boutique.
  8593 | D        | Found Voil's Magic Scroll Emporium.
  8598 | D        | Killed a nagaraja
  8599 | D        | Found Vinoc's Antique Weapon Shop.
  8618 | D        | Got a serpentine rune of Zot
  8635 | D        | Bought a scroll of blinking for 90 gold pieces
  8635 | D        | Bought a scroll of blinking for 90 gold pieces
  8635 | D        | Bought a scroll of magic mapping for 90 gold pieces
  8737 | D        | Noticed an azure jelly
  8737 | D        | Noticed an azure jelly
  8934 | D        | Killed Polyphemus
  8947 | D        | Noticed Ilsuiw
  8953 | D        | Killed Ilsuiw
  8971 | D        | Got a barnacled rune of Zot
  8975 | D        | Found Remnubb's Antique Armour Shoppe.
  8975 | D        | Found Cola Usisk's Book Shop.
  8975 | D        | Found Posim's Magic Scroll Emporium.
  8986 | D        | Bought a scroll of blinking for 75 gold pieces
  9092 | D        | Found a blossoming altar of Fedhas.
  9108 | D        | Killed a ghost moth
  9110 | D        | Killed a ghost moth
  9244 | D        | Reached skill level 27 in Spellcasting
  9252 | D        | Identified the +10 sling of Brawling {speed, Str+7}
  9713 | D        | Found Miwnacw's Armour Emporium.
  9713 | D        | Found Xipnism's Distillery.
  9713 | D        | Found Gum Keisoi's Distillery.
  9713 | D        | Found Ixusot's Distillery.
  9742 | D        | Bought a potion of haste for 130 gold pieces
  9745 | D        | Bought a potion of heal wounds for 55 gold pieces
  9745 | D        | Bought a potion of heal wounds for 55 gold pieces
  9754 | D        | Identified Roxanne's Writings on the Boulder
  9754 | D        | Noticed Roxanne
  9757 | D        | Killed Roxanne
  9806 | D        | Reached skill level 1 in Summonings
  9807 | D        | Reached skill level 5 in Fighting
  9874 | D        | Found Jaixuf's Armour Boutique.
  9878 | D        | Reached skill level 15 in Fire Magic
  9940 | D        | Noticed a black draconian knight
  9940 | D        | Noticed a black draconian knight
  9940 | D        | Noticed a black draconian knight
  9940 | D        | Noticed a black draconian knight
  9944 | D        | Killed a black draconian knight
  9947 | D        | Killed a black draconian knight
  9950 | D        | Killed a black draconian knight
  9955 | D        | Killed a black draconian knight
 10098 | D        | Noticed an Executioner
 10099 | D        | Killed an Executioner
 10131 | D        | Noticed Nessos
 10133 | D        | Killed Nessos
 10159 | D        | Reached XP level 16. HP: 88/88 MP: 40/47
 10170 | D        | Noticed a deep elf blademaster
 10176 | D        | Noticed a deep elf blademaster
 10178 | D        | Killed a deep elf blademaster
 10180 | D        | Killed a deep elf blademaster
 10413 | D        | Noticed Boris
 10418 | D        | Killed Boris
 10681 | D        | Noticed a royal mummy
 10681 | D        | Noticed a royal mummy
 10688 | D        | Noticed a Tzitzimitl
 10691 | D        | Killed a Tzitzimitl
 11204 | D        | Killed a royal mummy
 11470 | D        | Killed a royal mummy
 11493 | D        | Got a golden rune of Zot
 11494 | D        | Identified the +7 flail of Integrity {vorpal, +Blink rN++}
 11495 | D        | Identified the ring of Otoe {Wiz Int+6}
 11499 | D        | Identified the ring of the Hart {Wiz rElec Int+3 Slay+3}
 11540 | D        | Acquired 1259 gold pieces
 11544 | D        | Acquired the +3 warlock's mirror {reflect}
 11544 | D        | Found the +3 warlock's mirror {reflect}
 11548 | D        | Acquired the amulet of Elyvilon, Leaping {Reflect +Blink
                  | SH+5 Stlth+}
 11557 | D        | Acquired 1188 gold pieces
 11561 | D        | Acquired a book of Fire
 11575 | D        | Learned a level 8 spell: Ignition
 11740 | D        | Bought the Commentary on Forceful Geology for 480 gold
                  | pieces
 11741 | D        | Bought a book of Annihilations for 600 gold pieces
 11752 | D        | Learned a level 9 spell: Shatter
 11789 | D        | Bought a potion of heal wounds for 60 gold pieces
 11789 | D        | Bought a potion of magic for 96 gold pieces
 11789 | D        | Bought a potion of haste for 120 gold pieces
 11795 | D        | Bought a scroll of summoning for 123 gold pieces
 11967 | D        | Noticed a shadow dragon
 11967 | D        | Noticed a shadow dragon
 11970 | D        | Killed a shadow dragon
 11970 | D        | Killed a shadow dragon
 11971 | D        | Reached skill level 10 in Dodging
 12130 | D        | Noticed a titan
 12130 | D        | Noticed a shadow dragon
 12130 | D        | Noticed a quicksilver dragon
 12130 | D        | Noticed a quicksilver dragon
 12133 | D        | Killed a titan
 12133 | D        | Killed a quicksilver dragon
 12134 | D        | Reached skill level 10 in Stealth
 12134 | D        | Reached skill level 5 in Summonings
 12134 | D        | Killed a quicksilver dragon
 12135 | D        | Killed a shadow dragon
 12140 | D        | Reached XP level 17. HP: 45/93 MP: 39/48
 12179 | D        | Got a silver rune of Zot
 12189 | D        | Identified the +3 rapier of Axouluavir {elec, rC- rN+
                  | Will+++ rCorr}
 12202 | D        | Identified the +0 robe of Zovaf {rElec}
 12358 | D        | Noticed Nellie
 12361 | D        | Killed Nellie
 12362 | D        | Reached skill level 1 in Shields
 12365 | D        | Got a demonic rune of Zot
 12590 | D        | Noticed Nikola
 12594 | D        | Killed Nikola
 12894 | D        | Noticed Mara
 12901 | D        | Reached skill level 5 in Shields
 12911 | D        | Killed Mara
 13197 | D        | Noticed Geryon
 13203 | D        | Killed Geryon
 13329 | D        | Noticed the Serpent of Hell
 13330 | D        | Noticed a Brimstone Fiend
 13343 | D        | Killed the Serpent of Hell
 13345 | D        | Killed a Brimstone Fiend
 13618 | D        | Found the +7 lajatang of Order {silver, rMut}
 13628 | D        | Identified the +5 broad axe of Indomitability {freeze,
                  | Str+3}
 13632 | D        | Got an obsidian rune of Zot
 13769 | D        | Noticed an iron giant
 13795 | D        | Reached skill level 27 in Fire Magic
 13798 | D        | Killed an iron giant
 13799 | D        | Reached skill level 10 in Shields
 14082 | D        | Identified the +7 crystal plate armour of Gelokaun {Regen+
                  | rCorr Str-5 Int+4}
 14082 | D        | Identified the +2 buckler "Esomoczi" {Str+4}
 14089 | D        | Acquired 1002 gold pieces
 14247 | D        | Noticed an Ice Fiend
 14248 | D        | Killed an Ice Fiend
 14260 | D        | Noticed an Ice Fiend
 14262 | D        | Killed an Ice Fiend
 14295 | D        | Noticed an Ice Fiend
 14297 | D        | Killed an Ice Fiend
 14298 | D        | Reached skill level 27 in Conjurations
 14304 | D        | Noticed an Ice Fiend
 14306 | D        | Killed an Ice Fiend
 14387 | D        | Found the +14 obsidian axe {vorpal, Mesm Drain Fly SInv}
 14387 | D        | Noticed an Ice Fiend
 14389 | D        | Killed an Ice Fiend
 14390 | D        | Reached skill level 15 in Shields
 14390 | D        | Reached XP level 18. HP: 88/98 MP: 34/49
 14456 | D        | Noticed Antaeus
 14480 | D        | Slain by Antaeus

Illustrated notes

Levels and vault maps discovered:
D:        dungeon_sprint_mu [sprint_mu_entry_forest, sprint_mu_temple_rooms,
          sprint_mu_d1_horrors, sprint_mu_d2_genie, sprint_mu_d3_branching,
          sprint_mu_orc_legion, sprint_mu_elf_gauntlet, sprint_mu_hive_nellie,
          sprint_mu_lair_fedhas, sprint_mu_vaults_butterflies,
          sprint_mu_slime_circle, sprint_mu_shoals_archi,
          sprint_mu_snake_twists, sprint_mu_blade_basic,
          sprint_mu_crypt_fortress, sprint_mu_tomb_spiral,
          sprint_mu_vestibule_basic, sprint_mu_gehenna_hellfire,
          sprint_mu_dis_giant, sprint_mu_tartarus_statrot,
          sprint_mu_cocytus_islands, sprint_mu_zot1]

Skill      XL: |  1  2  3  4  5  6  7  8  9 10 11 12 13 14 15 16 17 |
---------------+----------------------------------------------------+-----
Earth Magic    | 6 7 9 12 13 15 17 18 20 22 25 27 | 27.0
Dodging        | 2 4 5 6 8 10 12 | 12.3
Spellcasting   | 3 5 8 9 12 13 15 17 19 22 24 27 | 27.0
Stealth        | 3 4 5 6 7 8 10 | 10.4
Fighting       | 1 2 3 6 |  6.2
Conjurations   | 1 2 3 4 6 10 12 13 14 17 23 27 | 27.0
Air Magic      | 1 2 3 4 |  4.8
Poison Magic   | 1 2 3 4 5 6 |  6.0
Fire Magic     | 1 2 3 5 11 16 22 27 | 27.0
Transmutations | 1 2 |  2.2
Evocations     | 1 2 |  2.4
Summonings     | 2 5 6 |  6.3
Shields        | 15 | 15.0

Action                   |  1- 3 |  4- 6 |  7- 9 | 10-12 | 13-15 | 16-18 || total
-------------------------+-------+-------+-------+-------+-------+-------++-------
Melee: Unarmed           |       |       |       |     2 |       |       ||     2
       Kick              |       |       |       |     1 |       |       ||     1
       Staff             |       |       |       |     2 |     7 |     5 ||    14
       Punch             |       |       |       |       |     1 |       ||     1
 Cast: Sandblast         |    17 |     8 |    15 |    35 |       |     2 ||    77
       Stone Arrow       |       |     2 |     8 |    56 |    16 |     3 ||    85
       Mephitic Cloud    |       |       |     2 |    16 |     3 |     1 ||    22
       Scorch            |       |       |     1 |     2 |       |       ||     3
       Passwall          |       |       |       |     4 |       |       ||     4
       Iron Shot         |       |       |       |    32 |    12 |     2 ||    46
       Fireball          |       |       |       |     6 |     7 |     4 ||    17
       Petrify           |       |       |       |     1 |       |       ||     1
       Lee's Rapid Decon |       |       |       |    14 |   121 |    37 ||   172
       Lehudib's Crystal |       |       |       |       |    49 |    44 ||    93
       Fire Storm        |       |       |       |       |     5 |    18 ||    23
       Spellforged Servi |       |       |       |       |     2 |     3 ||     5
       Ignition          |       |       |       |       |       |    14 ||    14
       Shatter           |       |       |       |       |       |     3 ||     3
Evoke: Phantom mirror    |       |       |       |     3 |     2 |     1 ||     6
       Wand              |       |       |       |       |     1 |       ||     1
       Box of beasts     |       |       |       |       |     1 |       ||     1
  Use: Potion            |       |     2 |       |     2 |     5 |     6 ||    15
       Scroll            |       |       |     3 |     2 |     5 |    15 ||    25
 Stab: Sleeping          |       |       |       |     1 |       |       ||     1
       Distracted        |       |       |       |       |       |     1 ||     1
Armor: Robe              |     4 |     1 |     2 |    23 |    15 |    21 ||    66
Dodge: Dodged            |     8 |       |     3 |    33 |    33 |    30 ||   107
Block: Other             |       |       |       |       |       |     6 ||     6
       Reflection        |       |       |       |       |       |     4 ||     4
       Buckler           |       |       |       |       |       |     3 ||     3

Table legend: (Time is in decaauts) A = Elapsed time spent in this place. B = Non-inter-level travel time spent in this place. C = Inter-level travel time spent in this place. D = Time resting spent in this place. E = Time spent auto-exploring this place. F = Levels seen in this place. G = Mean time per level. A B C D E F G +--------+--------+--------+--------+--------+-----+--------+ Total | 14534 | 13980 | 554 | 9045 | 1 | 1 | 14534.0 | Dungeon | 14534 | 13980 | 554 | 9045 | 1 | 1 | 14534.0 | +--------+--------+--------+--------+--------+-----+--------+

Top non-repeatable levels by time:
       D: 14534 daAuts
